 Dungeon Crawl Stone Soup version 0.18.1-48-g4cf74bf (webtiles) character file.

197373 nikopol the Impaler (level 17, -1/158 HPs)
             Began as a Minotaur Berserker on July 7, 2016.
             Was the Champion of Trog.
             Blown up by an orb spider (30 damage)
             ... with an orb of destruction
             ... on level 1 of the Spider Nest.
             The game lasted 01:59:48 (35415 turns).

nikopol the Impaler (Minotaur Berserker)           Turns: 35415, Time: 01:59:48

Health: -1/158     AC: 25    Str: 27    XL:     17   Next: 77%
Magic:  16/16      EV: 20    Int:  7    God:    Trog [******]
Gold:   3563       SH:  0    Dex: 16    Spells: 0 memorised, 16 levels left

rFire  x . .     SeeInvis +     c - +3 shortbow (flame)
rCold  + . .     Gourm    .     M - +4 scale mail of Ru's Generosity {rF- rC+ rN++ Str+2}
rNeg   + + .     Faith    .     (shield currently unavailable)
rPois  +         Spirit   .     (helmet restricted)
rElec  .         Dismiss  .     B - +2 cloak {+Inv}
rCorr  .         Reflect  .     Z - +2 pair of gloves {archery}
SustAt .         Harm     .     R - +2 pair of boots {Stlth+}
MR     +....                    I - amulet of regeneration
Stlth  +.........               J - ring "Kaoli" {rPois SInv}
                                V - +3 ring of intelligence

@: somewhat resistant to hostile enchantments, very unstealthy
A: retaliatory headbutt, horns 2, agile 1, wild magic 1
a: Berserk, Trog's Hand, Brothers in Arms, Burn Spellbooks, Renounce Religion,
Evoke Invisibility
}: 1/15 runes: decaying


You were on level 1 of the Spider Nest.
You worshipped Trog.
Trog was exalted by your worship.
You were near starving.

You visited 5 branches of the dungeon, and saw 30 of its levels.
You also visited: Labyrinth and Ice Cave.

You collected 3563 gold pieces.

Inventory:

Hand Weapons
 c - a +3 shortbow of flaming (weapon)
 o - a +7 longbow
 x - a +6 trident of protection
 L - a +5 antimagic glaive
Missiles
 p - 486 arrows (quivered)
Armour
 B - a +2 cloak of invisibility (worn)
 M - the +4 scale mail of Ru's Generosity (worn) {rF- rC+ rN++ Str+2}
   (You found it on level 8 of the Lair of Beasts)

   It affects your strength (+2).
   It makes you vulnerable to fire.
   It protects you from cold.
   It greatly protects you from negative energy.
 R - a +2 pair of boots of stealth (worn)
 Z - a +2 pair of gloves of archery (worn)
Jewellery
 I - an amulet of regeneration (around neck)
 J - the ring "Kaoli" (right hand) {rPois SInv}
   (You found it on level 8 of the Lair of Beasts)

   [ring of see invisible]

   It protects you from poison.
   It lets you see invisible.
 V - a +3 ring of intelligence (left hand)
Wands
 a - a wand of disintegration (8/24)
 b - a wand of flame (27/48)
 G - a wand of acid (7/15)
 W - a wand of digging (24/24)
Scrolls
 e - 4 scrolls of fog
 g - 6 scrolls of identify
 h - a scroll of summoning
 l - 2 scrolls of silence
 n - 3 scrolls of fear
 r - 18 scrolls of remove curse
 t - 3 scrolls of blinking
 y - 3 scrolls of magic mapping
 z - 4 scrolls of enchant armour
 A - 7 scrolls of teleportation
 C - a scroll of vulnerability {unknown}
 D - a scroll of random uselessness {unknown}
 F - 2 scrolls of recharging
 O - 3 scrolls of enchant weapon
Potions
 d - 7 potions of heal wounds
 i - 2 potions of cancellation
 q - 2 potions of brilliance
 s - 13 potions of curing
 u - 4 potions of agility
 v - 2 potions of magic
 w - 7 potions of might
 E - 2 potions of ambrosia
 K - 6 potions of flight
Miscellaneous
 H - a lamp of fire
 Q - a box of beasts
Comestibles
 f - 25 beef jerkies
 j - 12 meat rations
 k - 5 royal jellies
 m - 18 fruits
 P - 18 bread rations


   Skills:
 + Level 16.0 Fighting
 * Level 19.3 Polearms
 * Level 16.8 Bows
 + Level 15.5 Armour
 + Level 14.3 Dodging


You had 16 spell levels left.
You didn't know any spells.

Dungeon Overview and Level Annotations

Branches:
Dungeon (15/15)            Temple (0/1) D:4            Lair (8/8) D:11
  Swamp (4/4) Lair:3       Spider (1/4) Lair:3        Slime (0/6) Lair:8
    Orc (2/2) D:9             Elf (0/3) Orc:2        Vaults (0/5) D:14
 Depths (0/5) D:15

Altars:
Cheibriados
Gozag
Nemelex Xobeh
Okawaru
Pakellas
Qazlal
Sif Muna
Zin
The Shining One
Beogh
Jiyva

Shops:
D:10 (   D:11 *   Orc:2 :[[!

Annotations:
Spider:1 exclusion: Roxanne, Roxanne


Innate Abilities, Weirdness & Mutations

You reflexively headbutt those who attack you in melee.
You have a pair of horns on your head.
You are agile. (Dex +2)
Your spells are a little harder to cast, but a little more powerful.


Message History

The wolf spider is in the way.
You puncture the wolf spider!
The wolf spider is severely wounded.
The wolf spider completely misses you. You furiously retaliate!
You headbutt the wolf spider!
The wolf spider bites you but does no damage.
You impale the wolf spider!!
You kill the wolf spider!
Trog accepts your kill.
Wield which item (- for none, * to show all)? (? for menu, Esc to quit)
You feel less protected.
Your +3 shortbow of flaming bursts into flame!
c - a +3 shortbow of flaming (weapon)
The orb spider weaves a glowing orb of energy.
An orb of destruction comes into view.
A jumping spider comes into view.
The jumping spider hisses angrily.
Really walk into a travel-excluded area?
You are near starving!
The orb of destruction hits you!
You die...

.................#
.##................#
......>.8^.........#
.........$.........#
.....s###..<........
...(.†§†..†..#......
.......§†...#..#....
.!#.^..§§§..##.!..#.
...)....#.@..###^...
.#.........### ....
.(........## .
.........s#
...####...^ ...
#...# ..... ##...


You could see Roxanne, an orb spider and a jumping spider.

Vanquished Creatures
  the Lernaean hydra (Swamp:4)
  Nikola (Swamp:1)
  Frances (Swamp:1)
  8 thorn hunters
  Louise (D:14)
  The ghost of TBriggs11TB the Protected, a journeyman MiFi of the Shining One (D:12)
  An ettin (D:15)
  Josephine (Lair:4)
  A minotaur (Lab)
  A fire dragon (D:14)
  A yaktaur captain (D:14)
  28 hydras
  6 centaur warriors
  3 catoblepae
  Erolcha (D:13)
  A naga warrior (D:9)
  A ghost crab (Swamp:3)
  6 alligators
  Erica (D:11)
  3 ogre magi
  4 orc high priests (Orc:2)
  4 tengu warriors
  5 death yaks
  A spriggan berserker (Swamp:2)
  Sonja (D:15)
  A hell knight (D:15)
  The ghost of Galewind the Destroyer, a novice DECj of Sif Muna (D:10)
  3 unseen horrors
  5 skeletal warriors (D:15)
  6 spriggan druids
  12 swamp dragons
  3 shambling mangroves
  A wolf spider zombie (D:15)
  3 orc knights (Orc:2)
  An orb spider (shapeshifter) (D:14)
  3 oklob plants
  3 deep elf magi
  9 hill giants
  An orc sorcerer (Orc:2)
  5 ugly things
  4 griffons
  4 hornets
  2 wolf spiders
  3 manticores
  5 cyclopes
  14 elephants
  6 black mambas
  2 torpor snails
  A gargoyle (D:12)
  3 ice statues (IceCv)
  18 spiny frogs
  3 yaktaurs
  2 kobold demonologists (D:13)
  2 rime drakes
  10 komodo dragons
  A tengu conjurer (D:15)
  4 trolls
  9 giant leeches
  A jumping spider (Spider:1)
  8 polar bears (Lair:8)
  20 blink frogs
  Prince Ribbit (D:7)
  10 two-headed ogres
  22 slime creatures
  8 bog bodies
  4 raiju (Lair:8)
  Sigmund (D:3)
  2 wyverns
  A tarantella (Spider:1)
  3 shadows
  A vampire (D:12)
  2 redbacks (Lair:3)
  6 wraiths
  52 yaks
  8 basilisks
  20 spriggans
  A tarantella (shapeshifter) (D:14)
  17 hippogriffs
  3 steam dragons
  2 hogs (Swamp:1)
  2 hungry ghosts
  6 wargs
  15 insubstantial wisps
  Menkaure (D:7)
  22 swamp worms
  8 vampire mosquitoes
  15 water moccasins
  6 hell hounds (Lair:8)
  2 soldier ants
  38 orc warriors
  9 porcupines
  13 swamp drakes
  17 black bears
  A phantom (D:5)
  3 sky beasts
  22 wasps
  8 ice beasts
  23 wolves
  18 ogres
  9 centaurs
  14 crocodiles
  6 big kobolds
  Blork the orc (D:5)
  23 giant frogs
  A water moccasin zombie (D:3)
  A gnoll sergeant (D:9)
  A wyvern skeleton (D:10)
  2 scorpions
  7 killer bees
  2 oklob saplings (Swamp:3)
  12 wights
  3 spriggan skeletons (D:9)
  4 howler monkeys
  5 electric eels
  8 crimson imps
  3 centaur zombies
  A giant frog zombie (D:5)
  16 orc priests
  18 hounds
  8 centaur skeletons
  20 jellies
  6 iguanas
  14 orc wizards
  A giant frog skeleton (D:12)
  9 worker ants
  7 hell rats (Lair:5)
  A killer bee zombie (D:4)
  27 sheep
  3 hound skeletons
  2 worker ant zombies (D:5)
  3 gnolls (D:9)
  2 howler monkey skeletons
  12 adders
  82 river rats
  4 shadow imps
  11 oozes
  2 adder zombies
  2 adder skeletons
  A worm (D:3)
  4 dart slugs
  8 giant geckos
  71 orcs
  2 ball pythons
  8 giant cockroaches
  6 goblins
  8 hobgoblins
  26 jackals
  9 quokkas
  A ball python zombie (D:3)
  10 bats
  A giant gecko skeleton (D:4)
  2 giant newts
  A jackal skeleton (D:4)
  23 kobolds
  7 rats
  5 briar patches (Swamp:3)
  2 fungi (Swamp:3)
  11 plants
1214 creatures vanquished.

Vanquished Creatures (collateral kills)
  Kirke (Lair:3)
  2 orc high priests (Orc:2)
  4 orc knights (Orc:2)
  An orb spider (Spider:1)
  2 rime drakes (Lair:5)
  A demonic crawler (Spider:1)
  A tarantella (Spider:1)
  2 wyverns (Lair:5)
  A shadow (Lair:3)
  A basilisk (Lair:5)
  3 hippogriffs (Lair:5)
  5 orc warriors (Orc:2)
  4 orc priests (Orc:2)
  An orc (Orc:2)
29 creatures vanquished.

Vanquished Creatures (others)
  An alligator (Swamp:1)
  A spriggan (Swamp:1)
  2 humans (Swamp:1)
  An orc wizard (Orc:1)
  39 fungi
  44 plants
88 creatures vanquished.

Grand Total: 1331 creatures vanquished

Notes
Turn   | Place    | Note
--------------------------------------------------------------
     0 | D:1      | nikopol the Minotaur Berserker began the quest for the Orb.
     0 | D:1      | Reached XP level 1. HP: 19/19 MP: 0/0
    73 | D:1      | Reached XP level 2. HP: 24/27 MP: 1/1
   446 | D:1      | Reached ** piety under Trog
   447 | D:1      | Reached XP level 3. HP: 33/33 MP: 2/2
   642 | D:2      | Reached skill level 4 in Polearms
   724 | D:2      | Found a sparkling altar of Nemelex Xobeh.
  1159 | D:2      | Reached XP level 4. HP: 37/40 MP: 3/3
  1625 | D:3      | Reached XP level 5. HP: 24/47 MP: 4/4
  1628 | D:3      | Reached skill level 5 in Fighting
  1683 | D:3      | Reached *** piety under Trog
  1732 | D:3      | Reached skill level 5 in Polearms
  2039 | D:3      | Noticed Sigmund
  2049 | D:3      | Killed Sigmund
  2049 | D:3      | Reached XP level 6. HP: 56/56 MP: 5/5
  2253 | D:4      | Found a staircase to the Ecumenical Temple.
  2386 | D:4      | Reached XP level 7. HP: 55/62 MP: 6/6
  2420 | D:4      | Reached skill level 5 in Armour
  2942 | D:5      | Entered Level 5 of the Dungeon
  2965 | D:5      | Found a snail-covered altar of Cheibriados.
  3009 | D:5      | Found an oddly glowing altar of Pakellas.
  3009 | D:5      | Found a deep blue altar of Sif Muna.
  3009 | D:5      | Found an iron altar of Okawaru.
  3016 | D:5      | Found a glowing silver altar of Zin.
  3038 | D:5      | Found a stormy altar of Qazlal.
  3041 | D:5      | Found a glowing golden altar of the Shining One.
  3126 | D:5      | Reached skill level 6 in Polearms
  3151 | D:5      | Reached skill level 5 in Dodging
  3608 | D:5      | Noticed Blork the orc
  3617 | D:5      | Killed Blork the orc
  3617 | D:5      | Reached XP level 8. HP: 71/71 MP: 7/7
  4043 | D:6      | Reached **** piety under Trog
  4043 | D:6      | Reached skill level 7 in Polearms
  4590 | D:7      | Noticed Menkaure
  4888 | D:7      | Killed Menkaure
  4966 | D:7      | Reached XP level 9. HP: 72/81 MP: 8/8
  4967 | D:7      | Reached skill level 8 in Polearms
  5826 | D:7      | Reached skill level 9 in Polearms
  5881 | D:7      | Noticed a hill giant
  5898 | D:7      | Killed a hill giant
  6097 | D:7      | Noticed Prince Ribbit
  6112 | D:7      | Killed Prince Ribbit
  6112 | D:7      | Reached ***** piety under Trog
  6112 | D:7      | Reached XP level 10. HP: 86/91 MP: 9/9
  6182 | D:8      | Reached skill level 1 in Bows
  6386 | D:8      | Identified the Disquisition on Earth and Orientation
  6839 | D:9      | Found a large runed door.
  6839 | D:9      | Found a large runed door.
  7149 | D:9      | Found a staircase to the Orcish Mines.
  7180 | D:9      | Received a gift from Trog
  7226 | D:8      | Reached skill level 10 in Polearms
  7250 | D:9      | Got a pitted flail
  7251 | D:9      | Identified the +3 flail "Xoreneic" {drain, Fragile rElec MR+ Int+3} (You found it on level 9 of the Dungeon)
  7400 | D:9      | Reached skill level 10 in Fighting
  8082 | D:9      | Noticed a naga warrior
  8082 | D:9      | Noticed a cyclops
  8100 | D:9      | Found an iron altar of Okawaru.
  8109 | D:9      | Killed a naga warrior
  8117 | D:9      | Killed a cyclops
  8124 | D:9      | Found an iron altar of Okawaru.
  8431 | D:10     | Entered Level 10 of the Dungeon
  8436 | D:10     | Noticed Galewind's ghost (novice DECj)
  8447 | D:10     | Killed Galewind's ghost
  8447 | D:10     | Reached skill level 5 in Bows
  8447 | D:10     | Reached XP level 11. HP: 101/101 MP: 10/10
  9023 | D:10     | Noticed a hill giant
  9034 | D:10     | Killed a hill giant
  9034 | D:10     | Reached skill level 10 in Armour
  9046 | D:10     | Reached skill level 11 in Polearms
  9160 | D:10     | Found Istresk's Weapon Shop.
  9544 | D:11     | Found Ydwatuj's Elemental Accessories.
  9553 | D:11     | Found a staircase to the Lair.
  9582 | D:11     | Found a frozen archway.
  9586 | IceCv    | Entered an ice cave
 10373 | D:11     | Received a gift from Trog
 10567 | D:11     | Noticed Erica
 10579 | D:11     | Killed Erica
 10579 | D:11     | Reached skill level 12 in Polearms
 11013 | Lair:1   | Entered Level 1 of the Lair of Beasts
 11551 | Lair:1   | Reached XP level 12. HP: 110/110 MP: 11/11
 11679 | Lair:1   | Noticed a four-headed hydra
 11691 | Lair:1   | Killed a four-headed hydra
 11707 | Lair:1   | Reached skill level 10 in Dodging
 11857 | Lair:1   | Received a gift from Trog
 12113 | Lair:1   | Noticed a seven-headed hydra
 12125 | Lair:1   | Killed a seven-headed hydra
 12418 | Lair:1   | Reached ****** piety under Trog
 12608 | Lair:2   | Reached skill level 13 in Polearms
 12879 | Lair:2   | Received a gift from Trog
 13275 | Lair:2   | Noticed a four-headed hydra
 13284 | Lair:2   | Killed a four-headed hydra
 13437 | Lair:2   | Noticed a six-headed hydra
 13457 | Lair:2   | Killed a six-headed hydra
 13457 | Lair:2   | Received a gift from Trog
 14192 | Lair:3   | Noticed a four-headed hydra
 14204 | Lair:3   | Killed a four-headed hydra
 14325 | Lair:3   | Reached skill level 10 in Bows
 14339 | Lair:3   | Found a hole to the Spider Nest.
 14428 | Lair:3   | Reached XP level 13. HP: 118/118 MP: 12/12
 14716 | Lair:3   | Found a staircase to the Swamp.
 15239 | Lair:4   | Reached skill level 14 in Polearms
 15454 | Lair:4   | Noticed Josephine
 15476 | Lair:4   | Killed Josephine
 16090 | Lair:5   | Received a gift from Trog
 16458 | Lair:5   | Received a gift from Trog
 16749 | Lair:5   | Received a gift from Trog
 17226 | Lair:5   | Gained mutation: Your spells are a little harder to cast, but a little more powerful. [potion of beneficial mutation]
 17318 | Lair:5   | Received a gift from Trog
 17711 | Lair:5   | Reached skill level 15 in Polearms
 17722 | Lair:5   | Reached XP level 14. HP: 121/127 MP: 13/13
 18526 | Lair:6   | Received a gift from Trog
 19290 | Lair:7   | Received a gift from Trog
 19732 | Lair:8   | Entered Level 8 of the Lair of Beasts
 20171 | Lair:8   | Got a scorched marble ring
 20802 | Lair:8   | Received a gift from Trog
 20804 | Lair:8   | Identified the ring "Kaoli" {rPois SInv} (You found it on level 8 of the Lair of Beasts)
 21021 | Lair:8   | Reached skill level 16 in Polearms
 21307 | Lair:8   | Received a gift from Trog
 21653 | Lair:8   | Got a jewelled scale mail
 21664 | Lair:8   | Identified the +4 scale mail of Ru's Generosity {rF- rC+ rN++ Str+2} (You found it on level 8 of the Lair of Beasts)
 21936 | Lair:8   | Found a staircase to the Slime Pits.
 22457 | Orc:1    | Entered Level 1 of the Orcish Mines
 22505 | Orc:1    | Reached XP level 15. HP: 133/137 MP: 14/14
 22727 | Orc:2    | Entered Level 2 of the Orcish Mines
 22727 | Orc:2    | Found a staircase to the Elven Halls.
 22818 | Orc:2    | Received a gift from Trog
 22847 | Orc:2    | Found a labyrinth entrance.
 22856 | Lab      | Entered a labyrinth
 24036 | Orc:2    | Found a roughly hewn altar of Beogh.
 24631 | Orc:2    | Received a gift from Trog
 24687 | Orc:2    | Received a gift from Trog
 24888 | Orc:2    | Found Vitoptir's Distillery.
 24888 | Orc:2    | Found Wibin's Armour Emporium.
 25010 | Orc:2    | Found Motwomea's Antique Armour Shoppe.
 25012 | Orc:2    | Found Isoepp's Book Emporium.
 25608 | D:12     | Noticed TBriggs11TB's ghost (journeyman MiFi)
 25632 | D:12     | Killed TBriggs11TB's ghost
 25960 | D:12     | Found a viscous altar of Jiyva.
 26450 | D:12     | Reached skill level 17 in Polearms
 27197 | D:13     | Received a gift from Trog
 27297 | D:13     | Noticed Erolcha
 27304 | D:13     | Killed Erolcha
 27932 | D:14     | Found an opulent altar of Gozag.
 28114 | D:14     | Received a gift from Trog
 28235 | D:14     | Found a gate to the Vaults.
 28316 | D:14     | Noticed Louise
 28335 | D:14     | Killed Louise
 28460 | D:14     | Received a gift from Trog
 28867 | D:15     | Entered Level 15 of the Dungeon
 28995 | D:15     | Reached XP level 16. HP: 125/147 MP: 15/15
 29351 | D:15     | Noticed Sonja
 29379 | D:15     | Killed Sonja
 29537 | D:15     | Found a staircase to the Depths.
 29765 | D:15     | Gained mutation: You are agile. (Dex +2) [potion of beneficial mutation]
 30225 | Swamp:1  | Entered Level 1 of the Swamp
 30225 | Swamp:1  | Noticed Nikola
 30245 | Swamp:1  | Killed Nikola
 30245 | Swamp:1  | Reached skill level 18 in Polearms
 30245 | Swamp:1  | Reached skill level 15 in Bows
 30256 | Swamp:1  | Noticed Kirke
 30398 | Lair:3   | Killed Kirke
 30605 | Swamp:1  | Noticed Frances
 30635 | Swamp:1  | Killed Frances
 30635 | Swamp:1  | Reached skill level 15 in Fighting
 30740 | Swamp:1  | Received a gift from Trog
 31410 | Swamp:2  | Noticed a thorn hunter
 31417 | Swamp:2  | Killed a thorn hunter
 31549 | Swamp:2  | Noticed a thorn hunter
 31562 | Swamp:2  | Killed a thorn hunter
 32270 | Swamp:2  | Received a gift from Trog
 32645 | Swamp:2  | Received a gift from Trog
 32648 | Swamp:2  | Got a blackened hunting sling {god gift}
 32649 | Swamp:2  | Identified the +9 hunting sling of Hyawow {velocity, rElec rC- Int+3 Stlth+} (Trog gifted it to you on level 2 of the Swamp)
 32875 | Swamp:3  | Noticed a thorn hunter
 32905 | Swamp:3  | Killed a thorn hunter
 32913 | Swamp:3  | Reached XP level 17. HP: 156/156 MP: 16/16
 33530 | Swamp:3  | Reached skill level 15 in Armour
 33997 | Swamp:4  | Entered Level 4 of the Swamp
 34225 | Swamp:4  | Reached skill level 19 in Polearms
 34229 | Swamp:4  | Noticed the 27-headed Lernaean hydra
 34232 | Swamp:4  | Received a gift from Trog
 34255 | Swamp:4  | Killed the 27-headed Lernaean hydra
 34498 | Swamp:4  | Got a decaying rune of Zot
 34869 | Swamp:4  | Received a gift from Trog
 35346 | Spider:1 | Entered Level 1 of the Spider Nest
 35346 | Spider:1 | Noticed Roxanne
 35415 | Spider:1 | Blown up by an orb spider

Skill      XL: |  1  2  3  4  5  6  7  8  9 10 11 12 13 14 15 16 17 |
---------------+----------------------------------------------------+-----
Armour         | 3 4 6 7 9 10 11 12 13 14 15 | 15.5
Fighting       | 4 5 6 8 9 10 11 12 13 14 15 16 | 16.0
Polearms       | 4 5 6 7 9 10 12 13 15 16 17 18 19 | 19.3
Dodging        | 3 4 5 6 8 9 10 11 12 13 14 | 14.3
Bows           | 5 7 10 11 13 14 15 16 | 16.8

Action                   |  1- 3 |  4- 6 |  7- 9 | 10-12 | 13-15 | 16-18 || total
-------------------------+-------+-------+-------+-------+-------+-------++-------
Melee: Spear             |    88 |   143 |   390 |    24 |       |       ||   645
       Headbutt          |     9 |    17 |    83 |   174 |   271 |   174 ||   728
       Trident           |       |       |       |   727 |  1050 |   623 ||  2400
       Unarmed           |       |       |       |       |       |    17 ||    17
 Fire: Shortbow          |       |       |     7 |   451 |  1132 |   641 ||  2231
Invok: Berserk           |       |     2 |     5 |     7 |    10 |     5 ||    29
       Burn Spellbooks   |       |     1 |     2 |     3 |     1 |     2 ||     9
       Trog's Hand       |       |       |       |     2 |       |     1 ||     3
       Brothers in Arms  |       |       |       |       |     2 |     2 ||     4
Evoke: Wand              |       |       |       |       |     1 |       ||     1
  Use: Scroll            |       |       |       |    20 |    15 |       ||    35
       Potion            |       |       |       |       |     1 |     2 ||     3
 Stab: Distracted        |       |       |       |       |     2 |       ||     2
  Eat: Chunk             |     1 |     6 |    16 |    22 |    50 |    21 ||   116
       Fruit             |       |       |     1 |     4 |     3 |     3 ||    11
       Royal jelly       |       |       |       |     2 |     1 |       ||     3
       Bread ration      |       |       |       |     1 |       |       ||     1
       Beef jerky        |       |       |       |     2 |       |       ||     2
       Pizza             |       |       |       |       |       |     1 ||     1
Armor: Animal skin       |     3 |       |       |       |       |       ||     3
       Ring mail         |    11 |    41 |     8 |       |       |       ||    60
       Scale mail        |       |       |    90 |   273 |   483 |   302 ||  1148
Dodge: Dodged            |    33 |    53 |   168 |   430 |   772 |   466 ||  1922
